3L
CLEVELAND BROWNS @ SEATTLE ROCKETEERS
09/30/2039
 
TOP OF THE 1ST
Cleveland Browns batting - Pitching for Seattle Rocketeers : RHP Domingo Ramírez
Pitching: RHP Domingo Ramírez
Batting: LHB Danny Rodríguez 0-0: Ball
1-0: Foul Ball, location: 2F
1-1: Swinging Strike
1-2: Foul Ball, location: 2F
1-2: Foul Ball, location: 2F
1-2: Strikes out swinging
Batting: LHB León Castillo 0-0: Ball
1-0: Foul Ball, location: 2F
1-1: Foul Ball, location: 2F
1-2: Ball
2-2: Fly out, F9 (Flyball, 9LM, EV 98.1 MPH)
Batting: LHB Sadatake Abe 0-0: Ball
1-0: Called Strike
1-1: Foul Ball, location: 2F
1-2: Foul Ball, location: 2F
1-2: Ball
2-2: Ball
3-2: Foul Ball, location: 2F
3-2: Foul Ball, location: 2F
3-2: Foul Ball, location: 2F
3-2: Foul Ball, location: 2F
3-2: Base on Balls
Batting: LHB Surender Nada 0-0: Swinging Strike
0-1: Called Strike
0-2: Foul Ball, location: 2F
0-2: Strikes out looking
Top of the 1st over - 0 runs, 0 hits, 0 errors, 1 left on base; Cleveland 0 - Seattle 0
BOTTOM OF THE 1ST
Seattle Rocketeers batting - Pitching for Cleveland Browns : RHP Jay Cannon
Pitching: RHP Jay Cannon
Batting: SHB Glyn Bolasky 0-0: Ball
1-0: Foul Ball, location: 2F
1-1: Fly out, F6 (Popup, 6MD, EV 49.4 MPH)
Batting: LHB Murray Sperber 0-0: Fly out, F7 (Flyball, 7S, EV 93.1 MPH)
Batting: RHB Jurgen Flurgenburgen 0-0: Ball
1-0: Ball
2-0: Foul Ball, location: 2F
2-1: Ground out 6-3 (Groundball, 6, EV 81.9 MPH)
Bottom of the 1st over - 0 runs, 0 hits, 0 errors, 0 left on base; Cleveland 0 - Seattle 0
TOP OF THE 2ND
Cleveland Browns batting - Pitching for Seattle Rocketeers : RHP Domingo Ramírez
Batting: RHB Katsuhiko Ishihara 0-0: Ball
1-0: Ground out 5-3 (Groundball, 56, EV 86.9 MPH)
Batting: LHB Lauren Hilfiker 0-0: Swinging Strike
0-1: Ball
1-1: SINGLE (Groundball, 56, EV 96.2 MPH)
Batting: RHB Tom Camden 0-0: Called Strike
0-1: Called Strike
0-2: Fly out, F3 (Popup, 3S, EV 81.9 MPH)
Batting: RHB Jack Bonner 0-0: Ball
1-0: Fly out, F6 (Popup, 6, EV 77.5 MPH)
Top of the 2nd over - 0 runs, 1 hit, 0 errors, 1 left on base; Cleveland 0 - Seattle 0
BOTTOM OF THE 2ND
Seattle Rocketeers batting - Pitching for Cleveland Browns : RHP Jay Cannon
Batting: RHB Meester Gobbles-Rooster 0-0: Foul Ball, location: 2F
0-1: Fly out, F9 (Flyball, 9S, EV 91.9 MPH)
Batting: RHB Alain Grosjean 0-0: Ball
1-0: Fly out, F8 (Flyball, 8RS, EV 95.6 MPH)
Batting: RHB Bastiaan Pieterse 0-0: DOUBLE (Line Drive, 8LXD, EV 112.5 MPH)
Batting: SHB Charles Geudre 0-0: Ball
1-0: Foul Ball, location: 2F
1-1: Foul Ball, location: 2F
1-2: Foul Ball, location: 2F
1-2: SINGLE (Flyball, 7S, EV 88.1 MPH)
Bastiaan Pieterse to third
Runner from 3rd tries for Home, SAFE, no throw by LF
Batting: RHB Claudio Tappen 0-0: Called Strike
0-1: Ball
1-1: Ball
2-1: Foul Ball, location: 2F
2-2: Strikes out swinging
Bottom of the 2nd over - 1 run, 2 hits, 0 errors, 1 left on base; Cleveland 0 - Seattle 1
TOP OF THE 3RD
Cleveland Browns batting - Pitching for Seattle Rocketeers : RHP Domingo Ramírez
Batting: RHB Yu-shu Tseng 0-0: Called Strike
0-1: DOUBLE (Line Drive, 78D, EV 110.0 MPH)
Batting: LHB Danny Rodríguez 0-0: Ball
1-0: Ball
2-0: Ball
3-0: Base on Balls
Batting: LHB León Castillo 0-0: Ball
1-0: Swinging Strike
1-1: Foul Ball, location: 2F
1-2: Ball
2-2: Ball
3-2: Fly out, F8 (Flyball, 8LS, EV 77.5 MPH)
Batting: LHB Sadatake Abe 0-0: Called Strike
0-1: Called Strike
0-2: Ball
1-2: Ball
2-2: Foul Ball, location: 2F
2-2: Foul Ball, location: 2F
2-2: Ball
3-2: Base on Balls
Yu-shu Tseng to third
Danny Rodríguez to second
Batting: LHB Surender Nada 0-0: Foul Ball, location: 2F
0-1: Ball
1-1: Called Strike
1-2: Strikes out swinging
Batting: RHB Katsuhiko Ishihara 0-0: Ball
1-0: Swinging Strike
1-1: Swinging Strike
1-2: Foul Ball, location: 2F
1-2: Ball
2-2: Foul Ball, location: 2F
2-2: Strikes out swinging
Top of the 3rd over - 0 runs, 1 hit, 0 errors, 3 left on base; Cleveland 0 - Seattle 1
BOTTOM OF THE 3RD
Seattle Rocketeers batting - Pitching for Cleveland Browns : RHP Jay Cannon
Batting: SHB Lodd Felton 0-0: Swinging Strike
0-1: Foul Ball, location: 2F
0-2: Foul Ball, location: 2F
0-2: Strikes out swinging
Batting: SHB Glyn Bolasky 0-0: SINGLE (Groundball, 56D, EV 106.9 MPH)
Batting: LHB Murray Sperber 0-0: Ball
1-0: Foul Ball, location: 2F
1-1: Ball
2-1: Ground out U3 (Groundball, 34S, EV 65.6 MPH)
Glyn Bolasky to second
Batting: RHB Jurgen Flurgenburgen 0-0: Ground out 3-1 (Groundball, 34, EV 83.8 MPH)
Bottom of the 3rd over - 0 runs, 1 hit, 0 errors, 1 left on base; Cleveland 0 - Seattle 1
TOP OF THE 4TH
Cleveland Browns batting - Pitching for Seattle Rocketeers : RHP Domingo Ramírez
Batting: LHB Lauren Hilfiker 0-0: Called Strike
0-1: Ball
1-1: Called Strike
1-2: Fly out, F9 (Flyball, 9LMF, EV 91.2 MPH)
Batting: RHB Tom Camden 0-0: Ball
1-0: Ball
2-0: DOUBLE (Flyball, 89D, EV 106.2 MPH)
Batting: RHB Jack Bonner 0-0: Called Strike
0-1: Called Strike
0-2: Fly out, F8 (Line Drive, 8LM, EV 85.6 MPH)
Batting: RHB Yu-shu Tseng 0-0: Swinging Strike
0-1: Fly out, F8 (Flyball, 8RS, EV 96.2 MPH)
Top of the 4th over - 0 runs, 1 hit, 0 errors, 1 left on base; Cleveland 0 - Seattle 1
BOTTOM OF THE 4TH
Seattle Rocketeers batting - Pitching for Cleveland Browns : RHP Jay Cannon
Batting: RHB Meester Gobbles-Rooster 0-0: Fly out, F7 (Line Drive, 7, EV 94.4 MPH)
Batting: RHB Alain Grosjean 0-0: Ball
1-0: Called Strike
1-1: Ball
2-1: Ground out 6-3 (Groundball, 6, EV 88.1 MPH)
Batting: RHB Bastiaan Pieterse 0-0: Called Strike
0-1: Ground out 4-3 (Groundball, 4, EV 88.1 MPH)
Bottom of the 4th over - 0 runs, 0 hits, 0 errors, 0 left on base; Cleveland 0 - Seattle 1
TOP OF THE 5TH
Cleveland Browns batting - Pitching for Seattle Rocketeers : RHP Domingo Ramírez
Batting: LHB Danny Rodríguez 0-0: Called Strike
0-1: SINGLE (Groundball, 6, EV 109.4 MPH) (infield hit)
Batting: LHB León Castillo 0-0: Ball
1-0: Called Strike
1-1: Ball
2-1: Ball
3-1: Called Strike
3-2: Foul Ball, location: 2F
3-2: Foul Ball, location: 2F
3-2: Strikes out swinging
Batting: LHB Sadatake Abe 0-0: Foul Ball, location: 2F
0-1: Swinging Strike
0-2: Strikes out swinging
Batting: LHB Surender Nada 0-0: Called Strike
0-1: Foul Ball, location: 2F
0-2: Ball
1-2: SINGLE (Line Drive, 9S, EV 88.8 MPH)
Danny Rodríguez to second
Danny Rodríguez to third
Batting: RHB Katsuhiko Ishihara 0-0: Ball
1-0: Called Strike
1-1: Fly out, F4 (Popup, 13, EV 80.0 MPH)
Top of the 5th over - 0 runs, 2 hits, 0 errors, 2 left on base; Cleveland 0 - Seattle 1
BOTTOM OF THE 5TH
Seattle Rocketeers batting - Pitching for Cleveland Browns : RHP Jay Cannon
Batting: SHB Charles Geudre 0-0: Ground out 4-3 (Groundball, 4, EV 85.0 MPH)
Batting: RHB Claudio Tappen 0-0: Fly out, F8 (Line Drive, 8RM, EV 95.0 MPH)
Batting: SHB Lodd Felton 0-0: Called Strike
0-1: Ground out 4-3 (Groundball, 4S, EV 83.1 MPH)
Bottom of the 5th over - 0 runs, 0 hits, 0 errors, 0 left on base; Cleveland 0 - Seattle 1
TOP OF THE 6TH
Cleveland Browns batting - Pitching for Seattle Rocketeers : RHP Domingo Ramírez
Pitching: RHP Suhaila Zainuddin
Batting: LHB Lauren Hilfiker 0-0: Ball
1-0: Ball
2-0: Called Strike
2-1: Ball
3-1: Foul Ball, location: 2F
3-2: Foul Ball, location: 2F
3-2: Base on Balls
Batting: RHB Tom Camden 0-0: Reached on error, E1 (Groundball, 13, EV 43.8 MPH)
Lauren Hilfiker to third
Batting: RHB Jack Bonner 0-0: Foul Ball, location: 2F
0-1: Foul Ball, location: 2F
0-2: Ball
1-2: Foul Ball, location: 2F
1-2: Fly out, F7 (Flyball, 7LMF, EV 79.4 MPH)
Throwing error, E7
Lauren Hilfiker scores
Tom Camden to third
Batting: RHB Yu-shu Tseng 0-0: Called Strike
0-1: Foul Ball, location: 2F
0-2: Strikes out swinging
Batting: LHB Danny Rodríguez 0-0: Called Strike
0-1: Ball
1-1: Ball
2-1: Foul Ball, location: 2F
2-2: Ball
3-2: Strikes out swinging
Top of the 6th over - 1 run, 0 hits, 2 errors, 1 left on base; Cleveland 1 - Seattle 1
BOTTOM OF THE 6TH
Seattle Rocketeers batting - Pitching for Cleveland Browns : RHP Jay Cannon
Batting: SHB Glyn Bolasky 0-0: Ball
1-0: Foul Ball, location: 2F
1-1: Ball
2-1: Swinging Strike
2-2: Fly out, F8 (Line Drive, 8LD, EV 106.9 MPH)
Batting: LHB Murray Sperber 0-0: DOUBLE (Line Drive, 9LM, EV 106.2 MPH)
Batting: RHB Jurgen Flurgenburgen 0-0: Ball
1-0: Ball
2-0: Ball
3-0: Base on Balls
Batting: RHB Meester Gobbles-Rooster 0-0: Foul Ball, location: 2F
0-1: Foul Ball, location: 2F
0-2: Ball
1-2: Foul Ball, location: 2F
1-2: Strikes out looking
Batting: RHB Alain Grosjean 0-0: Called Strike
0-1: Swinging Strike
0-2: Ground out 4-3 (Groundball, 4, EV 86.9 MPH)
Bottom of the 6th over - 0 runs, 1 hit, 0 errors, 2 left on base; Cleveland 1 - Seattle 1
TOP OF THE 7TH
Cleveland Browns batting - Pitching for Seattle Rocketeers : RHP Suhaila Zainuddin
Batting: LHB León Castillo 0-0: Ball
1-0: Ball
2-0: Ball
3-0: Called Strike
3-1: Foul Ball, location: 2F
3-2: Base on Balls
Batting: LHB Sadatake Abe 0-0: Ball
1-0: DOUBLE (Line Drive, 8RXD, EV 101.9 MPH)
León Castillo to third
Batting: LHB Surender Nada 0-0: Intentional Walk
Batting: RHB Katsuhiko Ishihara 0-0: Ball
1-0: Ball
2-0: Ball
3-0: Called Strike
3-1: Grounds into fielders choice 5-2 (Groundball, 5, EV 99.4 MPH)
Sadatake Abe to third
Surender Nada to second
Batting: LHB Lauren Hilfiker 0-0: Ball
1-0: Ball
2-0: Ball
3-0: Called Strike
3-1: Foul Ball, location: 2F
3-2: Base on Balls
Sadatake Abe scores
Surender Nada to third
Katsuhiko Ishihara to second
Pitching: RHP Cristóbal Román
Batting: RHB Tom Camden 0-0: Ball
1-0: Ball
2-0: Fly out, F8 (Flyball, 78M, EV 86.9 MPH)
Runner from 3rd tags up, SCORES, throw by CF
Katsuhiko Ishihara to third
Batting: RHB Jack Bonner 0-0: Foul Ball, location: 2F
0-1: Ball
1-1: Ball
2-1: Swinging Strike
2-2: Foul Ball, location: 2F
2-2: Strikes out swinging
Top of the 7th over - 2 runs, 1 hit, 0 errors, 2 left on base; Cleveland 3 - Seattle 1
BOTTOM OF THE 7TH
Seattle Rocketeers batting - Pitching for Cleveland Browns : RHP Jay Cannon
Batting: RHB Bastiaan Pieterse 0-0: Ball
1-0: Fly out, F8 (Flyball, 8LD, EV 105.6 MPH)
Batting: SHB Charles Geudre 0-0: Called Strike
0-1: Ball
1-1: Ball
2-1: Foul Ball, location: 2F
2-2: Ball
3-2: Ground out 5-3 (Groundball, 56, EV 88.8 MPH)
Batting: RHB Claudio Tappen 0-0: Ground out 6-3 (Groundball, 6, EV 105.6 MPH)
Bottom of the 7th over - 0 runs, 0 hits, 0 errors, 0 left on base; Cleveland 3 - Seattle 1
TOP OF THE 8TH
Cleveland Browns batting - Pitching for Seattle Rocketeers : RHP Cristóbal Román
Batting: RHB Yu-shu Tseng 0-0: Ball
1-0: Swinging Strike
1-1: Ball
2-1: Called Strike
2-2: Fly out, F8 (Line Drive, 8LD, EV 92.5 MPH)
Batting: LHB Danny Rodríguez 0-0: Ground out 3-1 (Groundball, 34, EV 84.4 MPH)
Batting: LHB León Castillo 0-0: Called Strike
0-1: Fly out, F9 (Flyball, 9S, EV 85.6 MPH)
Top of the 8th over - 0 runs, 0 hits, 0 errors, 0 left on base; Cleveland 3 - Seattle 1
BOTTOM OF THE 8TH
Seattle Rocketeers batting - Pitching for Cleveland Browns : RHP Jay Cannon
Batting: SHB Lodd Felton 0-0: Ball
1-0: Ball
2-0: DOUBLE (Groundball, 3L, EV 103.1 MPH)
Pitching: RHP Juan Vias
Batting: SHB Glyn Bolasky 0-0: Called Strike
0-1: Ball
1-1: Ball
2-1: Foul Ball, location: 2F
2-2: Ball
3-2: Base on Balls
Batting: LHB Murray Sperber 0-0: Foul Ball, location: 2F
0-1: Swinging Strike
0-2: Ball
1-2: Foul Ball, location: 2F
1-2: Strikes out swinging
Batting: RHB Jurgen Flurgenburgen 0-0: Ball
1-0: Ball
2-0: Fielders Choice at 2nd, 5-4 (Groundball, 56S, EV 76.9 MPH)
Lodd Felton to third
Batting: RHB Meester Gobbles-Rooster 0-0: Ball
1-0: Ball
Wild Pitch!
Lodd Felton scores
Jurgen Flurgenburgen to second
2-0: Foul Ball, location: 2F
2-1: Fly out, F9 (Flyball, 9S, EV 77.5 MPH)
Bottom of the 8th over - 1 run, 1 hit, 0 errors, 1 left on base; Cleveland 3 - Seattle 2
TOP OF THE 9TH
Cleveland Browns batting - Pitching for Seattle Rocketeers : RHP Cristóbal Román
Batting: LHB Sadatake Abe 0-0: Called Strike
0-1: Ball
1-1: Ball
2-1: Foul Ball, location: 2F
2-2: Foul Ball, location: 2F
2-2: SOLO HOME RUN (Flyball, 9LD, EV 96.9 MPH), Distance : 344 ft
Batting: LHB Surender Nada 0-0: Ball
1-0: Foul Ball, location: 2F
1-1: Fly out, F9 (Flyball, 9S, EV 95.0 MPH)
Batting: RHB Katsuhiko Ishihara 0-0: Ball
1-0: Foul Ball, location: 2F
1-1: Foul Ball, location: 2F
1-2: Fly out, F8 (Flyball, 8RM, EV 75.6 MPH)
Batting: LHB Lauren Hilfiker 0-0: Called Strike
0-1: Ball
1-1: Fly out, F7 (Flyball, 78M, EV 72.5 MPH)
Top of the 9th over - 1 run, 1 hit, 0 errors, 0 left on base; Cleveland 4 - Seattle 2
BOTTOM OF THE 9TH
Seattle Rocketeers batting - Pitching for Cleveland Browns : RHP Juan Vias
Batting: RHB Alain Grosjean 0-0: Ball
1-0: Foul Ball, location: 2F
1-1: Ball
2-1: Swinging Strike
2-2: Ground out 6-3 (Groundball, 6M, EV 103.8 MPH)
Batting: RHB Bastiaan Pieterse 0-0: Ball
1-0: Called Strike
1-1: Ball
2-1: Ground out 4-3 (Groundball, 34, EV 100.6 MPH)
Batting: SHB Charles Geudre 0-0: Called Strike
0-1: Ball
1-1: Ball
2-1: Ball
3-1: Called Strike
3-2: SOLO HOME RUN (Flyball, 89XD, EV 105.6 MPH), Distance : 421 ft
Batting: RHB Claudio Tappen 0-0: DOUBLE (Line Drive, 5D, EV 95.0 MPH)
Batting: SHB Lodd Felton 0-0: Ball
1-0: Ball
2-0: Called Strike
2-1: Ball
3-1: Foul Ball, location: 2F
3-2: Fly out, F3 (Popup, 3F, EV 76.2 MPH)
Bottom of the 9th over - 1 run, 2 hits, 0 errors, 1 left on base; Cleveland 4 - Seattle 3
Wednesday, July 8th, 2020 - OOTP Baseball 20.8 Build 74